 Dungeon Crawl Stone Soup version 0.27.1-33-g824d729ab1 (webtiles) character file.

Game seed: 7890895690322084629

546 Atelerd the Digger (level 7, -2/41 HPs)
             Began as an Octopode Earth Elementalist on Dec 20, 2021.
             Slain by a kobold (19 damage)
             ... on level 4 of the Dungeon.
             The game lasted 00:04:42 (4941 turns).

Atelerd the Digger (Octopode Earth Elementalist)    Turns: 4941, Time: 00:04:42

Health: -2/41      AC:  1    Str:  7    XL:     7   Next: 28%
Magic:  10/13      EV: 13    Int: 19    God:
Gold:   152        SH:  0    Dex: 13    Spells: 6/14 levels left

rFire    . . .     SeeInvis .   f - +0 dagger (drain)
rCold    . . .     Faith    .   (no shield)
rNeg     . . .     Spirit   .   (helmet restricted)
rPois    .         Reflect  .   (no amulet)
rElec    .         Harm     .   (no ring)
rCorr    .         Rampage  .   (no ring)
Will     .....                  (no ring)
Stlth    ++++......             (no ring)
HPRegen  0.13/turn              (no ring)
MPRegen  0.13/turn              (no ring)
                                (no ring)
                                (no ring)

@: very slightly contaminated, invisible
A: almost no armour, amphibious, 8 rings, camouflage 1, gelatinous body 1,
(nimble swimmer 1), tentacles
a: no special abilities


You were on level 4 of the Dungeon.
You visited 1 branch of the dungeon, and saw 4 of its levels.

You collected 152 gold pieces.

Inventory:

Hand Weapons
 e - a +0 short sword
 f - a +0 dagger of draining (weapon)
 k - a +0 dagger of holy wrath
 p - a +0 dagger of draining
Missiles
 b - 68 stones
Armour
 o - a +0 buckler
Wands
 n - a wand of iceblast (9)
Scrolls
 d - 2 scrolls of teleportation {unknown}
 h - 3 scrolls of identify {unknown}
 i - a scroll of magic mapping {unknown}
 j - a scroll of holy word {unknown}
 l - a scroll of fog {unknown}
 m - a scroll of enchant armour {unknown}
Potions
 a - a potion of brilliance
 c - 2 potions of lignification
 g - 2 potions of might {unknown}
 q - a potion of heal wounds
 r - 2 potions of curing {unknown}


   Skills:
 - Level 2.0 Dodging
 - Level 5.0 Stealth
 + Level 4.1 Spellcasting
 - Level 1.0 Conjurations
 - Level 3.0 Transmutations
 - Level 1.0 Air Magic
 + Level 5.1 Earth Magic
 - Level 1.0 Poison Magic


You had 6 spell levels left.
You knew the following spells:

 Your Spells              Type           Power      Damage    Failure   Level
a - Sandblast             Erth           46%        2d11      1%          1
b - Mephitic Cloud        Conj/Pois/Air  7%         N/A       26%         3
p - Petrify               Tmut/Erth      19%        N/A       26%         4

Your spell library contained the following spells:

 Spells                   Type           Power      Damage    Failure   Level
 Passwall                 Tmut/Erth      15%        N/A       3%          2
 Magic Dart               Conj           28%        1d4       9%          1
 Stone Arrow              Conj/Erth      30%        3d8       12%         3
 Call Imp                 Summ           3%         N/A       21%         2


Dungeon Overview and Level Annotations

Branches:
Dungeon (4/15)
 Temple: D:4-7

Altars:
Elyvilon
Trog
Wu Jian
Xom

Annotations:
D:3 2 transporters, Robin


Innate Abilities, Weirdness & Mutations

You cannot wear most types of armour.
You are amphibious.
You can wear up to eight rings at the same time.
Your skin changes colour to match your surroundings (Stealth+).
Your rubbery body absorbs attacks. (AC +1, EV +1)
((You are camouflaged near water. (Stealth+)))
You have tentacles for arms and can constrict up to eight enemies at once.


Message History

You kill the kobold!
The kobold closely misses you.
The kobold hits you with a +3 dagger of chaos.
You are confused.
You are too confused!
You're too confused to cast spells.
You are too confused!
Unknown command.
You're too confused to cast spells.
Unknown command.
Unknown command.
You barely miss the kobold. The kobold closely misses you. x2
Unknown command.
You barely miss the kobold. The kobold hits you with a +0 club.
The kobold hits you with a +3 dagger of chaos.
You fade into invisibility!
You are very lightly contaminated with residual magic.
Press: ? - help, v - describe, . - travel, g - get item
Here: a kobold, wielding a +3 dagger of chaos Item here: a +0 whip of chaos.
The floor.
You barely miss the kobold. Your squeeze misses the kobold.
You feel less confused. The kobold misses you.
The kobold hits you with a +3 dagger of chaos.
You hit the kobold but do no damage. Your grab misses the kobold.
You squeeze the kobold, but do no damage.
The kobold closely misses you. The kobold hits you with a +0 club.
You are too injured to fight recklessly!
You are too injured to fight recklessly!
You are too injured to fight recklessly!
You are too injured to fight recklessly!
Casting: Sandblast (safe; 1% risk of failure)
Confirm with . or Enter, or press ? or * to list all spells.
Aiming: Sandblast (safe; 1% risk of failure)
Press: ? - help, Shift-Dir - straight line, f - kobold
Aim: a kobold, wielding a +0 club (76% to hit)
The blast of sand misses the kobold.
The kobold hits you but does no damage.
You are electrocuted!!
You die...

.........##.......#..............
..................)..............
#####................#...........
#§# #...........##).###.###...[..
#§§###.............###..#........
§§§..#.............###...........
§.§§§##......)####...............
§§§§..'......).K##...............
#§§§..'........K@................
.§§§###..........................
##§ #.............)............#
## ##..........................
#######.......#...............##.
...#.##..........................
##.#..................[..##..<...
.#....................(.##.......
..............)....#.............


You could see 2 kobolds.

Vanquished Creatures
  A black bear (D:4)
  2 ogres (D:4)
  A jelly (D:4)
  An orc priest (D:3)
  A bullfrog skeleton (D:4)
  An iguana (D:4)
  Ijyb (D:3)
  3 adders
  An ufetubus (D:4)
  5 worms
  3 dart slugs
  10 orcs
  7 ball pythons
  6 bats
  9 endoplasms
  4 giant cockroaches
  7 goblins
  3 hobgoblins (D:1)
  3 jackals (D:1)
  10 kobolds
  4 quokkas
  2 frilled lizards
  7 rats
92 creatures vanquished.

Notes
Turn   | Place    | Note
-------+----------+-------------------------------------------
     0 | D:1      | Atelerd the Octopode Earth Elementalist began the quest for
                  | the Orb.
     0 | D:1      | Reached XP level 1. HP: 11/11 MP: 3/3
    49 | D:1      | Reached XP level 2. HP: 13/17 MP: 5/5
  1019 | D:1      | Reached XP level 3. HP: 14/21 MP: 3/6
  1788 | D:2      | Reached XP level 4. HP: 27/27 MP: 2/7
  2474 | D:3      | Found a bloodstained altar of Trog.
  2665 | D:3      | Found a transporter.
  2673 | D:3      | Noticed Ijyb
  2689 | D:3      | Killed Ijyb
  2690 | D:3      | Reached XP level 5. HP: 6/31 MP: 3/9
  2948 | D:3      | Found a transporter.
  3306 | D:3      | Noticed Robin
  3410 | D:4      | Noticed an ogre
  3440 | D:4      | Killed an ogre
  3441 | D:4      | Reached XP level 6. HP: 19/36 MP: 5/10
  3584 | D:4      | Learned a level 4 spell: Petrify
  3588 | D:4      | Learned a level 3 spell: Mephitic Cloud
  3605 | D:4      | Reached skill level 5 in Stealth
  3605 | D:4      | Reached skill level 1 in Air Magic
  3819 | D:4      | Reached skill level 1 in Conjurations
  3819 | D:4      | Reached skill level 1 in Poison Magic
  4060 | D:4      | Noticed a black bear
  4067 | D:4      | Killed a black bear
  4068 | D:4      | Reached XP level 7. HP: 27/41 MP: 7/12
  4292 | D:4      | Found a large runed translucent door.
  4304 | D:4      | Reached skill level 5 in Earth Magic
  4440 | D:4      | Found a large runed translucent door.
  4476 | D:4      | Found a white marble altar of Elyvilon.
  4563 | D:4      | Found an ornate altar of the Wu Jian Council.
  4913 | D:4      | Found a shimmering altar of Xom.
  4941 | D:4      | Slain by a kobold

Illustrated notes

Levels and vault maps discovered:
D:1:      roderic_dead_forest, layout_loops_ring, minmay_pentomino_w4
D:2:      layout_loops_cross, minmay_misc_feat_roman
D:3:      gammafunk_steamed_eel, layout_rooms, mainiacjoe_overflow_catwalk,
          serial_corexii_hall, corexii_hall_statues_x, corexii_hall_statues_t,
          corexii_hall_statues_i, chequers_hall_statues_y, uniq_robin,
          uniq_ijyb, uniq_jessica
D:4:      due_chaos_kobolds, layout_cave_pools,
          mainiacjoe_overflow_concentric_impassable, elyvilon_altar_5

Skill      XL: |  1  2  3  4  5  6  7 |
---------------+----------------------+-----
Stealth        | 3 4 5 |  5.0
Transmutations | 2 3 |  3.0
Spellcasting   | 3 4 |  4.1
Earth Magic    | 4 5 |  5.1
Air Magic      | 1 |  1.0
Conjurations   | 1 |  1.0
Poison Magic   | 1 |  1.0
Dodging        | |  2.0

Action                   |  1- 3 |  4- 6 |  7- 9 || total
-------------------------+-------+-------+-------++-------
Melee: Unarmed           |    59 |       |       ||    59
       Constrict         |    23 |    11 |     5 ||    39
       Tentacles         |    12 |     2 |     2 ||    16
       Short sword       |    38 |     8 |       ||    46
       Dagger            |       |    37 |    29 ||    66
 Cast: Sandblast         |    16 |    36 |    24 ||    76
       Petrify           |       |     1 |       ||     1
  Use: Potion            |     3 |       |       ||     3
 Stab: Sleeping          |    10 |    12 |     2 ||    24
       Petrified         |       |     4 |       ||     4
Armor: Skin              |    16 |     6 |     3 ||    25
Dodge: Dodged            |    55 |    33 |    35 ||   123
